Map: Orbital Shipyard

Players

Elonaias

  • Race: Terran Terran
  • League: Gold

LilDicky - Winner!

  • Race: Terran Terran
  • League: Diamond

VOD

http://www.twitch.tv/tumescentpie

Description

Time

  • Played on: Dec. 5, 2015, 8:11 p.m.
  • Length: 19:21
Show
View Real Time Build Order
Export as new Build Order

Elonaias Terran 

Build Orders: 1/1/1, Liberator Opening 

Get SALT Encoding   

  12  0:01  SCV  
  13  0:13  SCV  
  14  0:18  Supply Depot  
  14  0:25  SCV  
  14  0:27  Refinery  
  15  0:40  SCV  
  16  0:45  Barracks  
  16  0:52  SCV  
  16  0:55  Refinery  
  17  1:04  SCV  
  18  1:16  SCV  
  19  1:28  SCV  
  20  1:33  Factory  
  20  1:34  Marine  
  21  1:40  Orbital Command  
  21  1:52  Marine  
  22  2:06  Supply Depot  
  22  2:07  SCV  
  23  2:16  Factory Tech Lab  
  23  2:19  Starport  
  23  2:24  Supply Depot  
  23  2:27  Marine  
  24  2:35  Siege Tank  
  24  2:36  SCV  
  28  2:43  Liberator  
  28  2:45  Marine  
  28  2:56  SCV  
  29  3:03  Marine  
  33  3:11  Siege Tank  
  36  3:23  SCV  
  36  3:25  Supply Depot  
  37  3:30  Liberator  
  37  3:31  Supply Depot  
  37  3:32  Marine  
  41  3:51  Marine  
  41  3:52  Supply Depot  
  42  4:12  Siege Tank  
  42  4:13  SCV  
  46  4:21  Command Center  
  46  4:31  Viking  
  46  4:51  Cyclone  
  46  4:52  Engineering Bay  
  40  5:27  SCV  
  37  5:39  SCV  
  30  6:42  Starport Reactor  
  30  6:44  Siege Tank  
  30  6:45  SCV  
  31  6:48  Barracks Tech Lab, Orbital Command  
  31  6:52  Barracks  
  31  6:54  Barracks  
  31  6:57  SCV  
  32  7:01  Refinery  
  32  7:03  Supply Depot  
  32  7:06  Refinery  
  32  7:07  Supply Depot  
  32  7:09  Supply Depot  
  32  7:10  SCV, Marauder  
  32  7:13  Stimpack  
  35  7:16  Siege Tank  
  35  7:18  Medivac x2  
  35  7:20  Terran Infantry Weapons Level 1  
  35  7:22  SCV  
  43  7:25  Engineering Bay  
  43  7:27  Supply Depot  
  43  7:34  SCV  
  44  7:39  Starport  
  44  7:42  Barracks Reactor, Barracks Tech Lab  
  46  7:44  Marauder  
  46  7:53  SCV  
  46  7:54  SCV  
  48  8:05  SCV  
  48  8:06  SCV, Missile Turret  
  48  8:08  Missile Turret  
  48  8:10  Missile Turret x2  
  50  8:14  Missile Turret  
  50  8:16  Missile Turret  
  50  8:18  SCV x2  
  50  8:19  Missile Turret  
  52  8:27  Starport Tech Lab  
  52  8:30  SCV x2, Marine  
  52  8:32  Marine  
  56  8:36  Combat Shields  
  56  8:39  Missile Turret  
  56  8:42  SCV x2, Missile Turret  
  58  8:50  Marine x2  
  58  8:54  SCV  
  64  8:56  Marauder x2  
  64  8:58  Terran Infantry Armor Level 1  
  64  9:01  Raven  
  67  9:08  Marine  
  68  9:10  Supply Depot  
  68  9:11  Marine  
  71  9:17  Concussive Shells, Marauder  
  71  9:18  Marauder  
  73  9:25  Marine  
  73  9:28  Armory  
  74  9:32  Supply Depot  
  74  9:41  Marauder x2  
  78  9:52  Medivac  
  78  9:53  Medivac  
  78  9:56  Supply Depot  
  82  10:05  Marauder, Marine  
  85  10:10  Command Center  
  85  10:26  Marine  
  85  10:27  Marine  
  87  10:29  Marauder x2  
  87  10:31  Siege Tank  
  87  10:34  Terran Infantry Weapons Level 2  
  94  10:44  SCV x2  
  94  10:46  Refinery  
  94  10:49  Refinery  
  96  10:54  Marauder  
  96  10:55  Marauder  
  96  10:56  SCV x2, Marine  
  103  10:59  Marine  
  104  11:13  Terran Infantry Armor Level 2  
  104  11:20  Siege Tank  
  104  11:23  Orbital Command  
  107  11:39  SCV x2  
  109  11:51  SCV x2, Barracks  
  111  11:54  Barracks  
  111  11:59  Factory  
  111  12:03  SCV x2, Siege Tank  
  111  12:04  Viking  
  111  12:05  Viking  
  120  12:10  Viking  
  120  12:15  SCV  
  123  12:17  Marine, Marauder x2  
  128  12:37  Marine x2  
  128  12:38  Marauder x2  
  128  12:44  Factory Tech Lab  
  134  12:48  Viking x3  
  140  12:54  Marine  
  140  12:55  Barracks Tech Lab x2  
  140  12:58  Marine  
  142  12:59  Marauder  
  142  13:00  Terran Infantry Weapons Level 3, Marauder  
  146  13:12  Marine  
  146  13:18  Viking  
  149  13:22  Supply Depot  
  149  13:27  Supply Depot  
  149  13:33  Supply Depot  
  149  13:38  Terran Infantry Armor Level 3  
  149  13:43  Viking x2, Siege Tank  
  149  13:45  Terran Ship Weapons Level 1  
  149  13:47  Siege Tank, Marauder  
  161  13:57  Supply Depot x2  
  161  14:06  Viking  
  161  14:08  Marine x3  
  166  14:13  Viking x2  
Show
View Real Time Build Order
Export as new Build Order

LilDicky Terran - Winner!

Build Orders: Banshee Rush 

Get SALT Encoding   

  12  0:01  SCV  
  13  0:13  SCV  
  14  0:18  Supply Depot  
  14  0:25  SCV  
  15  0:31  Refinery  
  15  0:40  SCV  
  16  0:45  Barracks  
  16  0:55  SCV  
  17  1:07  SCV  
  18  1:19  SCV  
  20  1:34  Orbital Command  
  20  1:35  Reaper  
  20  1:38  Supply Depot  
  20  1:41  Refinery  
  20  2:01  SCV  
  21  2:04  Factory  
  21  2:12  Marine  
  21  2:25  Command Center, SCV  
  22  2:30  Marine  
  22  2:34  Supply Depot  
  23  2:49  Marine  
  23  2:51  Factory Tech Lab  
  24  2:53  Starport  
  24  2:56  SCV  
  25  3:07  Marine  
  25  3:08  SCV  
  27  3:20  SCV  
  27  3:26  Supply Depot  
  28  3:32  SCV  
  29  3:37  Banshee, Cloaking Field  
  32  3:44  Orbital Command  
  32  3:46  Factory Tech Lab  
  32  3:50  SCV  
  32  4:03  SCV  
  32  4:07  Siege Tank  
  32  4:08  Marine  
  37  4:16  SCV  
  38  4:17  SCV, Starport  
  38  4:21  Refinery  
  39  4:27  Banshee  
  39  4:28  SCV  
  39  4:29  SCV, Marine  
  45  4:40  SCV  
  45  4:45  Siege Tank  
  49  4:59  SCV  
  50  5:11  SCV  
  48  5:27  Siege Tank  
  48  5:28  Viking  
  50  5:40  Viking  
  46  5:50  Marine  
  44  5:58  Viking  
  44  5:59  SCV  
  44  6:00  SCV  
  48  6:08  Marine  
  46  6:19  SCV  
  46  6:23  Banshee  
  46  6:25  Siege Tank  
  49  6:45  SCV x2  
  51  6:47  Starport Reactor  
  51  6:53  Command Center  
  51  6:57  SCV x2  
  53  7:03  Supply Depot  
  53  7:13  Command Center  
  53  7:14  Refinery  
  53  7:17  Supply Depot  
  53  7:19  SCV, Engineering Bay  
  54  7:25  SCV, Siege Tank  
  58  7:31  SCV, Viking x3  
  65  7:37  SCV  
  65  7:43  SCV  
  67  7:47  Factory  
  67  7:49  Command Center, SCV, Missile Turret  
  68  7:51  Missile Turret  
  68  7:55  SCV  
  69  8:00  Siege Tank  
  69  8:01  SCV  
  73  8:07  SCV, Factory  
  74  8:13  SCV  
  74  8:15  Refinery  
  74  8:17  Refinery  
  74  8:18  Refinery  
  74  8:19  SCV, Refinery  
  76  8:23  Missile Turret  
  76  8:24  Sensor Tower x2  
  76  8:25  SCV  
  76  8:26  Orbital Command  
  77  8:31  SCV  
  77  8:33  Orbital Command  
  78  8:37  SCV  
  78  8:39  Factory Reactor  
  79  8:42  Siege Tank  
  79  8:43  Command Center, SCV  
  83  8:49  SCV  
  83  8:55  SCV x2  
  85  8:56  Sensor Tower  
  85  8:59  Supply Depot, Missile Turret  
  85  9:00  SCV, Missile Turret  
  85  9:01  Supply Depot  
  85  9:02  SCV  
  88  9:07  SCV x2  
  90  9:12  SCV  
  90  9:14  SCV  
  90  9:15  Hellion  
  90  9:16  Factory Tech Lab  
  94  9:17  Hellion  
  94  9:19  SCV, Orbital Command  
  94  9:20  SCV  
  98  9:24  SCV, Infernal Pre-Igniter  
  98  9:26  Banshee  
  98  9:30  SCV  
  104  9:31  SCV  
  104  9:32  SCV  
  105  9:38  SCV  
  105  9:41  Hellion, Siege Tank  
  105  9:42  SCV, Hellion  
  105  9:43  SCV  
  105  9:44  SCV  
  105  9:45  Viking  
  118  9:50  SCV  
  119  9:55  SCV  
  119  9:59  Planetary Fortress  
  120  10:04  Missile Turret  
  120  10:05  SCV x2, Missile Turret  
  122  10:10  Armory x2  
  122  10:16  Missile Turret  
  122  10:20  Missile Turret x2  
  122  10:22  Missile Turret  
  122  10:26  Missile Turret  
  122  10:27  Missile Turret  
  122  10:28  Missile Turret  
  122  10:33  Missile Turret  
  122  10:39  Hellion x3, Siege Tank, Missile Turret  
  131  10:43  SCV x2  
  131  10:44  Missile Turret  
  131  10:45  Factory  
  131  10:46  Factory  
  131  10:47  Missile Turret  
  131  10:48  Missile Turret  
  133  10:52  Missile Turret  
  133  10:59  Supply Depot x2  
  133  11:00  Siege Tank  
  133  11:01  Supply Depot, Hi-Sec Auto Tracking, Missile Turret  
  136  11:05  Terran Vehicle Weapons Level 1  
  136  11:06  Terran Vehicle And Ship Armor Level 1  
  136  11:17  Missile Turret  
  137  11:18  SCV x3  
  137  11:23  Missile Turret  
  137  11:25  Command Center, Viking x2  
  141  11:26  Banshee  
  141  11:29  Factory Reactor  
  141  11:30  Factory Reactor  
  146  11:32  Factory Tech Lab  
  146  11:33  Factory Tech Lab  
  146  11:40  Starport  
  146  11:44  SCV, Refinery  
  147  11:56  SCV  
  148  12:02  Refinery  
  148  12:04  Command Center  
  148  12:08  SCV  
  149  12:11  SCV x2  
  149  12:14  Command Center  
  149  12:15  Thor x3, Hellion x2, Siege Tank  
  164  12:20  SCV  
  164  12:21  Starport Tech Lab  
  177  12:27  Fusion Core  
  177  12:28  Armory  
  177  12:29  Starport  
  177  12:32  SCV  
  177  12:36  Widow Mine x2  
  182  12:46  Widow Mine  
  184  12:56  Starport  
  184  12:57  Starport  
  184  12:58  Starport  
  184  12:59  Command Center  
  184  13:20  Starport Tech Lab  
  184  13:21  Behemoth Reactor  
  184  13:23  Advanced Ballistics  
  184  13:24  Refinery, Hyperflight Rotors  
  184  13:26  Refinery, Drilling Claws  
  184  13:30  Missile Turret  
  184  13:31  Planetary Fortress  
  184  13:37  Planetary Fortress  
  184  13:47  Widow Mine x4  
  190  13:48  Widow Mine x2  
  194  14:08  Refinery  
  194  14:09  Refinery  
  194  14:11  Command Center  
  194  14:15  Widow Mine  
  194  14:16  Widow Mine  
  198  14:21  Missile Turret  
  198  14:22  Planetary Fortress, Missile Turret  
  198  14:24  Missile Turret  
  198  14:27  Missile Turret  
  198  14:28  Banshee x2, Missile Turret  
  195  14:33  Starport Tech Lab x3  
  195  14:35  Terran Vehicle Weapons Level 2, Terran Ship Weapons Level 1, Terran Vehicle And Ship Armor Level 2  
  195  14:45  Sensor Tower  
  195  14:48  Refinery  
  195  14:50  Refinery  
  195  14:58  Liberator x2  
  142  15:16  Battlecruiser x4  
  142  15:17  Viking  
  172  15:46  Command Center  
  172  15:47  Viking  
  172  15:48  Command Center  
  172  15:52  SCV  
  172  15:54  Marine  
  172  15:58  Viking x2, Siege Tank  
  172  15:59  Hellion x2, Siege Tank  
  172  16:12  Marine  
  172  16:17  Battlecruiser  
  172  16:18  Orbital Command  
  172  16:20  Banshee  
  172  17:06  Planetary Fortress  
  172  17:24  Planetary Fortress  
  172  17:47  Command Center  
  172  17:48  Command Center  
  172  17:51  Command Center  
  172  17:52  Command Center x2  
  172  17:53  Command Center  
  172  17:54  Command Center  
Tags
 
Add a new tag
Caveats
  • Supply blocks, unpowered buildings, or Contaminate may cause inaccurate times.
  • Supply counts are checked every 10 seconds.